 Dungeon Crawl Stone Soup version 0.23.1 (webtiles) character file.

Game seed: 923946136677793618

1244 Borgoz the Skirmisher (level 8, 0/70 HPs)
             Began as a Ghoul Monk on Mar 7, 2019.
             Was a Believer of Ashenzari.
             Slain by a sky beast (6 damage)
             ... on level 5 of the Dungeon.
             The game lasted 00:11:00 (6117 turns).

Borgoz the Skirmisher (Ghoul Monk)                  Turns: 6117, Time: 00:11:01

Health: 0/70       AC:  4    Str: 15    XL:     8   Next: 50%
Magic:  10/10      EV: 13    Int:  7    God:    Ashenzari [**....]
Gold:   196        SH:  0    Dex: 11    Spells: 12/12 levels left

rFire    . . .     SeeInvis .     - Unarmed
rCold    + . .     Gourm    .   (no shield)
rNeg     + + +     Faith    .   g - +0 leather armour
rPois    ∞         Spirit   .   k - +0 helmet (curse)
rElec    .         Reflect  .   (no cloak)
rCorr    .         Harm     .   (no gloves)
MR       .....                  (no boots)
Stlth    +++.......             (no amulet)
HPRegen  0.00/turn              c - ring of stealth
MPRegen  0.12/turn              (no ring)

@: rotting
A: rotting body, claws 1, carnivore, cold resistance 1, negative energy
resistance 3, inhibited regeneration, torment resistance, unbreathing
a: Curse Item, Scrying, Renounce Religion


You were on level 5 of the Dungeon.
You worshipped Ashenzari.
Ashenzari was pleased with you.
You were not hungry.

You visited 1 branch of the dungeon, and saw 6 of its levels.
You also visited: Sewer.

You collected 196 gold pieces.

Inventory:

Hand Weapons
 b - a +0 blowgun
 l - a +2 short sword of draining
Missiles
 h - 57 poisoned needles
Armour
 g - a +0 leather armour (worn)
 k - a cursed +0 helmet (worn)
Jewellery
 c - a ring of stealth (left claw)
Scrolls
 e - 2 scrolls of blinking
 f - a scroll of identify
 j - 5 scrolls of teleportation
 m - 2 scrolls of amnesia {unknown}
 n - a scroll of fog
Potions
 a - a potion of cancellation
 i - a potion of haste
Comestibles
 d - 11 rations


   Skills:
 + Level 6.0 Fighting
 + Level 4.0 Armour
 + Level 4.9 Dodging
 + Level 2.8 Stealth
 + Level 6.0 Unarmed Combat
 - Level 2.5 Spellcasting


You had 12 spell levels left.
You didn't know any spells.
Your spell library was empty.

Dungeon Overview and Level Annotations

Branches:
Dungeon (6/15)
 Temple: D:4-7

Altars:
Ashenzari
Dithmenos
Ru
The Shining One

Annotations:
D:2 1 runed translucent door, Crazy Yiuf
D:6 Menkaure


Innate Abilities, Weirdness & Mutations

Your body is rotting away.
You thrive on raw meat.
You are immune to poison.
You have sharp fingernails.
You are carnivorous and can eat meat at any time.
Your flesh is cold resistant. (rC+)
You are immune to negative energy. (rN+++)
You do not regenerate when monsters are visible.
You are immune to unholy pain and torment.
You can survive without breathing.


Message History

You see here an uncursed long sword.
A sky beast appears from thin air!
Reactivating autopickup.
The sky beast flickers out of sight!
Deactivating autopickup; reactivate with Ctrl-A.
You see here an uncursed long sword.
A sky beast appears from thin air!
Reactivating autopickup.
You claw the sky beast!
The sky beast is almost dead.
The sky beast hits you.
* * * LOW HITPOINT WARNING * * *
The sky beast shocks you.
* * * LOW HITPOINT WARNING * * *
You closely miss the sky beast.
The sky beast is almost dead.
The sky beast hits you.
* * * LOW HITPOINT WARNING * * *
The sky beast shocks you.
You die...

.#######.#.......................
........##..#...#####.........##.
........##..##.#####.............
#.......##...>..§..........#.#.#.
#..#.#.[##..##.#####.............
#......###..##.# ##......#.#.#.
#..#.#........)# ##...#.......
...............########..#.#.#.#.
#####..........Y@................
######.#...>.######....#.#.#.
#.#.....##..............
#<#...................##
#.#.....##.####.#######
#..........####[#
######.........># #.########.#
#..........#


You could see a sky beast.

Vanquished Creatures
  2 ogres (D:4)
  6 big kobolds (Sewer)
  A howler monkey (D:5)
  2 crimson imps (D:5)
  3 jellies
  2 orc priests
  3 orc wizards
  A worker ant (D:5)
  Robin (D:3)
  2 river rats (Sewer)
  12 adders
  6 oozes
  A worm (D:2)
  3 dart slugs
  3 leopard geckos (D:2)
  16 orcs
  8 bats
  5 giant cockroaches
  10 goblins (D:3)
  10 hobgoblins
  6 jackals
  15 kobolds
  3 quokkas
  4 ball pythons
  5 frilled lizards
  8 rats
  2 fungi (D:2)
140 creatures vanquished.

Notes
Turn   | Place    | Note
-------+----------+-------------------------------------------
     0 | D:1      | Borgoz the Ghoul Monk began the quest for the Orb.
     0 | D:1      | Reached XP level 1. HP: 19/19 MP: 0/0
   149 | D:1      | Reached XP level 2. HP: 26/26 MP: 1/1
   896 | D:2      | Reached XP level 3. HP: 31/31 MP: 2/2
  1071 | D:2      | Reached skill level 1 in Armour
  1078 | D:2      | Reached skill level 1 in Spellcasting
  1230 | D:2      | Reached XP level 4. HP: 34/40 MP: 4/4
  1740 | D:2      | Found a runed translucent door.
  1741 | D:2      | Noticed Crazy Yiuf
  2141 | D:3      | Reached XP level 5. HP: 19/46 MP: 4/6
  2168 | D:3      | Noticed Robin
  2186 | D:3      | Killed Robin
  2810 | D:4      | Reached XP level 6. HP: 33/52 MP: 7/7
  2922 | D:5      | Entered Level 5 of the Dungeon
  2991 | D:5      | Found a shadowy altar of Dithmenos.
  3058 | D:5      | Found a shattered altar of Ashenzari.
  3063 | D:5      | Found a sacrificial altar of Ru.
  3154 | D:5      | Reached XP level 7. HP: 25/60 MP: 9/9
  3226 | D:5      | Became a worshipper of Ashenzari the Shackled
  3226 | D:5      | Reached * piety under Ashenzari
  3226 | D:5      | Reached ** piety under Ashenzari
  3298 | D:5      | Found a glowing drain.
  3324 | Sewer    | Entered a sewer
  3529 | Sewer    | Reached skill level 5 in Fighting
  3529 | Sewer    | Reached skill level 5 in Unarmed Combat
  4060 | Sewer    | Reached XP level 8. HP: 49/69 MP: 10/10
  5387 | D:5      | Found a glowing golden altar of the Shining One.
  5757 | D:6      | Noticed Menkaure
  6117 | D:5      | Slain by a sky beast

Skill      XL: |  1  2  3  4  5  6  7  8 |
---------------+-------------------------+-----
Armour         | 1 2 3 4 |  4.0
Dodging        | 3 4 |  4.9
Spellcasting   | 1 2 |  2.5
Fighting       | 4 5 6 |  6.0
Unarmed Combat | 4 5 6 |  6.0
Stealth        | |  2.8

Action                   |  1- 3 |  4- 6 |  7- 9 || total
-------------------------+-------+-------+-------++-------
Melee: Unarmed           |    75 |   335 |   318 ||   728
       Punch             |       |     2 |     7 ||     9
 Fire: Blowgun           |       |       |     4 ||     4
Invok: Curse Item        |       |       |     1 ||     1
  Use: Scroll            |     9 |     3 |       ||    12
       Potion            |     3 |     5 |     1 ||     9
 Stab: Sleeping          |     4 |     2 |     1 ||     7
  Eat: Chunk             |     5 |    30 |    14 ||    49
Armor: Robe              |    15 |       |       ||    15
       Leather armour    |     3 |    79 |    52 ||   134
Dodge: Dodged            |    53 |   208 |   166 ||   427
